 Dungeon Crawl Stone Soup version 0.30-a0-718-geaa24f58ff (webtiles) character file.

Game seed: 14013435484749761275

307 Strat the Conjurer (level 6, -11/35 HPs)
             Began as a Tengu Reaver on Jan 26, 2023.
             Killed from afar by Ijyb (14 damage)
             ... with a bolt of acid
             ... on level 4 of the Dungeon.
             The game lasted 00:04:15 (1939 turns).

Strat the Conjurer (Tengu Reaver)                   Turns: 1939, Time: 00:04:15

Health: -11/35     AC:  1    Str: 12    XL:     6   Next: 40%
Magic:  8/10       EV: 15    Int: 14    God:
Gold:   170        SH:  0    Dex: 14    Spells: 3/9 levels left

rFire   . . .      SeeInvis .    a - +0 long sword
rCold   . . .      Faith    .    (no shield)
rNeg    + . .      Spirit   .    b - +0 leather armour
rPois   .          Reflect  .    (helmet restricted)
rElec   .          Harm     .    (no cloak)
rCorr   .          Rampage  .    d - +1 pair of gloves
Will    .....                    (boots unavailable)
Stlth   +                        (no amulet)
HPRegen 0.25/turn                r - ring of positive energy
MPRegen 0.12/turn                (no ring)

@: corroded, flying quickly and evasively, quick
A: beak, talons 3, nimble flight
a: no special abilities


You were on level 4 of the Dungeon.
You visited 1 branch of the dungeon, and saw 4 of its levels.

You collected 170 gold pieces.

Inventory:

Hand Weapons
 a - a +0 long sword (weapon)
 e - a +0 falchion
Missiles
 p - 9 poisoned darts
Armour
 b - a +0 leather armour (worn)
 d - a +1 pair of gloves (worn)
Jewellery
 r - a ring of positive energy (left hand)
Wands
 o - a wand of iceblast (2)
Scrolls
 c - a scroll of acquirement {unknown}
 h - a scroll of teleportation {unknown}
 i - a scroll of enchant armour {unknown}
 j - 2 scrolls of fog {unknown}
 k - a scroll of vulnerability {unknown}
 m - a scroll of identify {unknown}
 n - a scroll of amnesia {unknown}
 q - a scroll of immolation {unknown}
 s - a scroll of blinking {unknown}
Potions
 g - a potion of flight {unknown}
 l - a potion of attraction {unknown}


   Skills:
 - Level 2.0 Fighting
 + Level 5.6 Long Blades
 + Level 3.8 Dodging
 - Level 2.0 Spellcasting
 + Level 6.2 Conjurations


You had 3 spell levels left.
You knew the following spells:

 Your Spells              Type           Power      Damage    Failure   Level
a - Kiss of Death         Conj/Necr      40%        2d8       9%          1
b - Momentum Strike       Conj/Tloc      20%        3d8       13%         2
c - Hailstorm             Conj/Ice       10%        3d5       26%         3

Your spell library contained the following spells:

 Spells                   Type           Power      Damage    Failure   Level


Dungeon Overview and Level Annotations

Branches:
Dungeon (4/15)
 Temple: D:4-7

Altars:
Elyvilon
Gozag
Kikubaaqudgha

Annotations:
D:3 3 runed translucent doors, ASSMAN's ghost, amateur DsNe
D:4 Ijyb


Innate Abilities, Weirdness & Mutations

You have a beak for a mouth.
You have claws for feet.
Your magical nature lets you fly swiftly and evasively.


Message History

An adder comes into view.
The adder moves out of view.
r - a ring of positive energy
r - a ring of positive energy (left hand)
s - a scroll labelled TYNAYM ZUHUOFRE A ball python comes into view.
The ball python hisses angrily.
Ijyb the Twisted Goblin comes into view.
She is wielding a +0 club and carrying a wand of acid (10).
Ijyb shouts!
You slash the ball python!
You kill the ball python!
Ijyb zaps a wand.
The bolt of acid hits you.
You see here a ball python corpse.
You closely miss Ijyb. You punch Ijyb, but do no damage.
An endoplasm comes into view.
Ijyb completely misses you.
Casting: Kiss of Death (safe; 9% risk of failure)
Confirm with . or Enter, or press ? or * to list all spells.
Aiming: Momentum Strike (safe; 13% risk of failure)
Press: ? - help, Dir - move target, f - Ijyb
Aim: Ijyb, wielding a +0 club, wearing a +0 leather armour and carrying a wand of acid (9) (60% to hit)
The concentrated momentum hits Ijyb!
Ijyb is heavily wounded.
You are unable to move.
Ijyb zaps a wand.
The bolt of acid hits you!!
Ouch! That really hurt!
* * * LOW HITPOINT WARNING * * *
The acid corrodes you!
You hit Ijyb. Your kick misses Ijyb. Your peck misses Ijyb.
Ijyb is severely wounded.
Ijyb barely misses you.
You feel better.
Ijyb zaps a wand.
The bolt of acid misses you.
You slash Ijyb!
Ijyb is almost dead.
Ijyb zaps a wand.
The bolt of acid hits you!
* * * LOW HITPOINT WARNING * * *
You closely miss Ijyb. Your peck misses Ijyb.
Ijyb is almost dead.
You are no longer robbed of momentum.
Ijyb zaps a wand.
The bolt of acid hits you!
You die...

.# ## ##.## #.# #... .#.
##..### #..# #.. .......
#..# #.# ....... #..# #.#
.......####..#### #.#
......Jg@.......#####.#
.......###............###
.......##.#.###.#.#.#.).)
.......#.#...##.#.#.#.###
###.#####...###.#.....#
#.###...............#
#..................##
#####.##.#........##
#.##.#.......##


You could see Ijyb and an endoplasm.

Vanquished Creatures
  Sigmund (D:3)
  Natasha (twice) (D:3)
  A gnoll (D:2)
  An adder (D:3)
  2 worms
  2 dart slugs
  An orc (D:4)
  5 bats
  4 endoplasms
  8 goblins
  8 hobgoblins
  4 jackals
  4 kobolds
  5 quokkas
  2 ball pythons
  3 frilled lizards
  3 rats
56 creatures vanquished.

Notes
Turn   | Place    | Note
-------+----------+-------------------------------------------
     0 | D:1      | Strat the Tengu Reaver began the quest for the Orb.
     0 | D:1      | Reached XP level 1. HP: 12/12 MP: 4/4
   139 | D:1      | Reached XP level 2. HP: 17/17 MP: 6/6
   151 | D:1      | Learned a level 2 spell: Momentum Strike
   680 | D:2      | Reached XP level 3. HP: 21/21 MP: 7/7
   759 | D:2      | Reached skill level 5 in Conjurations
   976 | D:2      | Reached XP level 4. HP: 26/26 MP: 8/8
   984 | D:2      | Learned a level 3 spell: Hailstorm
  1147 | D:3      | Noticed Natasha
  1152 | D:3      | Killed Natasha
  1220 | D:3      | Noticed Sigmund
  1235 | D:3      | Killed Sigmund
  1236 | D:3      | Reached skill level 5 in Long Blades
  1236 | D:3      | Reached skill level 6 in Conjurations
  1236 | D:3      | Gained mutation: Your magical nature lets you fly swiftly
                  | and evasively. [Tengu growth]
  1236 | D:3      | Reached XP level 5. HP: 18/30 MP: 4/9
  1236 | D:3      | Reached XP level 6. HP: 21/35 MP: 4/10
  1339 | D:3      | Found an ancient bone altar of Kikubaaqudgha.
  1339 | D:3      | Found a white marble altar of Elyvilon.
  1587 | D:3      | Noticed Natasha
  1594 | D:3      | Killed Natasha
  1773 | D:3      | Found a runed translucent gate.
  1773 | D:3      | Found a runed translucent gate.
  1774 | D:3      | Found a runed translucent gate.
  1782 | D:3      | Found an opulent altar of Gozag.
  1787 | D:3      | Noticed ASSMAN's ghost (amateur DsNe)
  1930 | D:4      | Noticed Ijyb
  1939 | D:4      | Killed from afar by Ijyb

Illustrated notes

Levels and vault maps discovered:
D:1:      lightli_arrival_flooded_house, layout_basic
D:2:      layout_rooms, st_stairs_1, cheibrodos_gnoll_hut
D:3:      layout_basic, gammafunk_temple_overflow_pools, ebering_ghost_gozag,
          uniq_sigmund, uniq_natasha
D:4:      layout_loops_ring, mainiacjoe_overflow_cross_hatched,
          lemuel_coloured_pillars_altar, gammafunk_ghost_nasty_kobolds,
          uniq_robin, uniq_crazy_yiuf_cottage, uniq_ijyb

Skill      XL: |  1  2  3  4 |
---------------+-------------+-----
Long Blades    | 4 5 |  5.6
Conjurations   | 5 6 |  6.2
Dodging        | 3 |  3.8
Fighting       | |  2.0
Spellcasting   | |  2.0

Action                     |  1- 3 |  4- 6 || total
---------------------------+-------+-------++-------
  Melee: Falchion          |    14 |       ||    14
         Long sword        |    75 |    49 ||   124
         Peck              |     9 |    13 ||    22
         Kick              |    19 |    13 ||    32
         Punch             |     3 |     3 ||     6
   Cast: Momentum Strike   |     1 |     3 ||     4
         Kiss of Death     |       |     1 ||     1
    Use: Potion            |       |     2 ||     2
 Armour: Leather armour    |    27 |     8 ||    35
  Dodge: Dodged            |    52 |    24 ||    76

Table legend: (Time is in decaauts)
 A = Elapsed time spent in this place.
 B = Non-inter-level travel time spent in this place.
 C = Inter-level travel time spent in this place.
 D = Time resting spent in this place.
 E = Time spent auto-exploring this place.
 F = Levels seen in this place.
 G = Mean time per level.
                   A        B        C        D        E       F      G
               +--------+--------+--------+--------+--------+-----+--------+
         Total |   1904 |   1862 |     42 |     54 |   1391 |   4 |  476.0 |
       Dungeon |   1904 |   1862 |     42 |     54 |   1391 |   4 |  476.0 |
               +--------+--------+--------+--------+--------+-----+--------+

Top non-repeatable levels by time:
     D:3: 730 daAuts
     D:1: 637 daAuts
     D:2: 461 daAuts
     D:4: 74 daAuts
